[Event "European Clubs Cup"]
[Site "chess24.com"]
[Date "2018.10.12"]
[Round "1.1"]
[White "Arnaudov, G. Petar"]
[Black "Pleasants, Allan J"]
[Result "1-0"]
[WhiteElo "2452"]
[BlackElo "2090"]
[PlyCount "51"]
[EventDate "2018.??.??"]
[WhiteTeam "FID"]
[BlackTeam "Wales"]
[BlackTeamCountry "WLS"]
[TimeControl "6000+1120"]
[WhiteClock "1:25:32"]
[BlackClock "1:00:11"]

1. Nf3 Nf6 2. c4 g6 3. Nc3 Bg7 4. e4 d6 5. d4 O-O 6. h3 e5 7. d5 Nh5 8. g3 f5
9. exf5 gxf5 10. Nh4 Nf4 11. Bd2 Na6 12. gxf4 Qxh4 13. Rg1 Re8 14. Qf3 exf4+
15. Ne2 Kh8 16. Rxg7 Kxg7 17. O-O-O Nc5 18. Nxf4 Ne4 19. Be3 Bd7 20. Be2 Re5
21. Rg1+ Kh8 22. Qg2 Qf6 23. Nh5 Qg6 24. Qh2 Qf7 25. f4 Nf6 26. fxe5 1-0

[Event "European Clubs Cup"]
[Site "chess24.com"]
[Date "2018.10.12"]
[Round "1.2"]
[White "Hewitt, William"]
[Black "Danchevski, Orce"]
[Result "0-1"]
[WhiteElo "2015"]
[BlackElo "2358"]
[PlyCount "78"]
[EventDate "2018.??.??"]
[WhiteTeam "Wales"]
[BlackTeam "Macedonia"]
[WhiteTeamCountry "WLS"]
[BlackTeamCountry "MKD"]
[TimeControl "6000+1115"]
[WhiteClock "0:01:22"]
[BlackClock "0:05:09"]

1. e4 c5 2. Nf3 d6 3. d4 Nf6 4. Nc3 cxd4 5. Nxd4 Nc6 6. Bg5 e6 7. Qd2 a6 8.
O-O-O h6 9. Nxc6 bxc6 10. Bf4 d5 11. Qe3 Qa5 12. Be2 Bb7 13. exd5 cxd5 14. Qg3
O-O-O 15. h4 Bc6 16. Be5 Ne8 17. f4 Nd6 18. Qe3 Kb7 19. g4 h5 20. g5 Nf5 21.
Qd3 Bc5 22. Bf3 Rhf8 23. Ne2 Qxa2 24. Nd4 Bb5 25. Qb3 Qa1+ 26. Kd2 Qa5+ 27. Kc1
Bxd4 28. Bxd4 Qa1+ 29. Kd2 Nxd4 30. Rxa1 Nxb3+ 31. cxb3 g6 32. Rhc1 f6 33. Ke3
fxg5 34. hxg5 Rf5 35. Rd1 Kb6 36. Rac1 e5 37. Bxd5 exf4+ 38. Ke4 Re8+ 39. Kf3
Be2+ 0-1

[Event "European Clubs Cup"]
[Site "chess24.com"]
[Date "2018.10.12"]
[Round "1.3"]
[White "Nikolovski, Nikola"]
[Black "Garcia, Jason"]
[Result "1-0"]
[WhiteElo "2369"]
[BlackElo "2027"]
[PlyCount "57"]
[EventDate "2018.??.??"]
[WhiteTeam "Macedonia"]
[BlackTeam "Wales"]
[WhiteTeamCountry "MKD"]
[BlackTeamCountry "WLS"]
[TimeControl "6000+1770"]
[WhiteClock "0:22:00"]
[BlackClock "0:05:43"]

1. e4 d6 2. d4 Nf6 3. Nc3 e5 4. Nge2 c6 5. a4 Nbd7 6. g3 b6 7. Bg2 Bb7 8. O-O
Be7 9. h3 O-O 10. g4 Ne8 11. Ng3 Bg5 12. Bxg5 Qxg5 13. dxe5 Qxe5 14. f4 Qc5+
15. Kh2 Rd8 16. Qd2 Nc7 17. Rad1 Nb8 18. e5 d5 19. Nce4 Qe7 20. Nf5 Qd7 21.
Neg3 Ne8 22. Nh5 Qe6 23. Nfxg7 Nxg7 24. Nf6+ Kh8 25. Qd3 Nf5 26. gxf5 Qc8 27.
Rg1 Ba6 28. Qg3 Qxf5 29. Be4 1-0

[Event "European Clubs Cup"]
[Site "chess24.com"]
[Date "2018.10.12"]
[Round "1.4"]
[White "May, Adam J"]
[Black "Stojcevski, Zoran"]
[Result "0-1"]
[WhiteElo "1924"]
[BlackElo "2348"]
[PlyCount "70"]
[EventDate "2018.??.??"]
[WhiteTeam "Wales"]
[BlackTeam "Macedonia"]
[WhiteTeamCountry "WLS"]
[BlackTeamCountry "MKD"]
[TimeControl "6000+750"]
[WhiteClock "0:05:40"]
[BlackClock "0:04:30"]

1. Nf3 d5 2. c4 e6 3. g3 Nf6 4. Bg2 Be7 5. O-O O-O 6. b3 Nbd7 7. Bb2 c5 8. e3
b6 9. Nc3 Bb7 10. cxd5 Nxd5 11. Nxd5 Bxd5 12. Qe2 Bf6 13. d4 Be4 14. Rfd1 Qe7
15. Ne5 Bxg2 16. Nxd7 Qxd7 17. Kxg2 Rac8 18. Rd2 Rfd8 19. Rad1 h6 20. Kg1 Qb7
21. dxc5 Rxd2 22. Rxd2 Bxb2 23. Rxb2 Rxc5 24. Rc2 Rd5 25. Rd2 Qd7 26. Rxd5 Qxd5
27. Qc2 Qd7 28. Kf1 f5 29. Ke2 Kf7 30. e4 Qb5+ 31. Ke3 Qa5 32. exf5 exf5 33.
Qc7+ Kg6 34. Qc6+ Kh7 35. Qc2 Qe5+ 0-1

[Event "European Clubs Cup"]
[Site "chess24.com"]
[Date "2018.10.12"]
[Round "1.5"]
[White "Podlesnik, Bogdan"]
[Black "Bevan, Peter M"]
[Result "0-1"]
[WhiteElo "2365"]
[BlackElo "1886"]
[PlyCount "102"]
[EventDate "2018.??.??"]
[WhiteTeam "Montenegro"]
[BlackTeam "Wales"]
[WhiteTeamCountry "MNE"]
[BlackTeamCountry "WLS"]
[TimeControl "6000+800"]
[WhiteClock "0:22:51"]
[BlackClock "0:35:56"]

1. e4 d5 2. exd5 Qxd5 3. Nc3 Qd8 4. Bc4 c6 5. a4 Bf5 6. Nge2 e6 7. Ng3 Bg6 8.
O-O h5 9. h3 h4 10. Nge2 Nf6 11. d3 Nbd7 12. a5 Bc5 13. Kh1 Qc7 14. d4 Bd6 15.
Bd3 Bxd3 16. Qxd3 O-O-O 17. a6 b6 18. Be3 Kb8 19. f3 Nh5 20. Ne4 Nf4 21. Qd2
Nxe2 22. Qxe2 Bf4 23. Bg1 Nf6 24. Nxf6 gxf6 25. b4 Rh5 26. c4 Rg8 27. Ra2 Qe7
28. Qe4 Qc7 29. b5 cxb5 30. cxb5 f5 31. Qb1 Rc8 32. d5 Rhh8 33. Ra4 Bg3 34. Rd1
Rhd8 35. Ra2 Qc4 36. Rad2 Qc7 37. Qb4 Qd6 38. Qb3 e5 39. Rc2 e4 40. Rc6 Rxc6
41. bxc6 Kc7 42. fxe4 fxe4 43. Qa4 f5 44. Bxb6+ axb6 45. a7 e3 46. Qa6 Qxc6 47.
Qa1 e2 48. Rc1 Qxc1+ 49. Qxc1+ Kb7 50. a8=Q+ Kxa8 51. Qa3+ Kb8 0-1

[Event "European Clubs Cup"]
[Site "chess24.com"]
[Date "2018.10.12"]
[Round "1.6"]
[White "Buttell, David"]
[Black "Dinev, Dejan"]
[Result "0-1"]
[WhiteElo "1758"]
[BlackElo "2284"]
[PlyCount "68"]
[EventDate "2018.??.??"]
[WhiteTeam "Wales"]
[BlackTeam "Macedonia"]
[WhiteTeamCountry "WLS"]
[BlackTeamCountry "MKD"]
[TimeControl "6000+1600"]
[WhiteClock "0:00:35"]
[BlackClock "0:11:21"]

1. d4 c5 2. d5 Nf6 3. c4 g6 4. Nc3 Bg7 5. e4 d6 6. f3 O-O 7. Be3 e5 8. Qd2 a6
9. Bd3 Nh5 10. Nge2 f5 11. exf5 gxf5 12. O-O-O b5 13. Rdg1 b4 14. Nd1 Ra7 15.
g4 fxg4 16. fxg4 Nf6 17. Nf2 Raf7 18. h4 Nbd7 19. g5 Nh5 20. Ng4 e4 21. Nh6+
Bxh6 22. gxh6+ Kh8 23. Bxe4 Qe8 24. Bd3 Ne5 25. b3 Nxd3+ 26. Qxd3 Re7 27. Rg7
Nxg7 28. hxg7+ Rxg7 29. Bh6 Rgf7 30. Bxf8 Qxf8 31. Qd2 Qg7 32. Qb2 Qxb2+ 33.
Kxb2 Rf2 34. Re1 Bg4 0-1

[Event "European Clubs Cup"]
[Site "chess24.com"]
[Date "2018.10.13"]
[Round "2.1"]
[White "Hewitt, William"]
[Black "Sammalvuo, Tapani"]
[Result "1/2-1/2"]
[WhiteElo "2015"]
[BlackElo "2414"]
[PlyCount "85"]
[EventDate "2018.??.??"]
[WhiteTeam "Wales"]
[BlackTeam "Finland"]
[WhiteTeamCountry "WLS"]
[BlackTeamCountry "FIN"]
[TimeControl "6000+1400"]
[WhiteClock "0:28:16"]
[BlackClock "1:13:19"]

1. e4 e5 2. Nf3 Nc6 3. d4 exd4 4. Nxd4 Nf6 5. Nc3 Bb4 6. Nxc6 bxc6 7. Bd3 d5 8.
exd5 O-O 9. O-O cxd5 10. Bg5 c6 11. Qf3 h6 12. Bf4 Re8 13. h3 a5 14. Na4 Ne4
15. c3 Bf8 16. Rfe1 f5 17. c4 g5 18. cxd5 gxf4 19. dxc6 Qd4 20. Nc3 Ba6 21.
Bxe4 fxe4 22. Nxe4 Qe5 23. Qb3+ Kh8 24. Rac1 Rab8 25. Qc3 Bb4 26. Qxe5+ Rxe5
27. Nc3 Bxc3 28. bxc3 Be2 29. Rc2 f3 30. c7 Rg8 31. c8=Q Rxc8 32. gxf3 Rg5+ 33.
Kh2 Rcg8 34. Rcxe2 Rc5 35. Re5 Rxc3 36. Rxa5 Rxf3 37. Re2 Rg7 38. a4 Ra3 39.
Ra6 Kh7 40. Ree6 Rf7 41. Rxh6+ Kg7 42. Rhg6+ Kh7 43. Rh6+ 1/2-1/2

[Event "European Clubs Cup"]
[Site "chess24.com"]
[Date "2018.10.13"]
[Round "2.2"]
[White "Lampen, Timo"]
[Black "Heaven, Pete"]
[Result "0-1"]
[WhiteElo "2332"]
[BlackElo "2041"]
[PlyCount "118"]
[EventDate "2018.??.??"]
[WhiteTeam "Finland"]
[BlackTeam "Wales"]
[WhiteTeamCountry "FIN"]
[BlackTeamCountry "WLS"]
[TimeControl "6000+1410"]
[WhiteClock "0:02:16"]
[BlackClock "0:21:58"]

1. d4 Nf6 2. c4 e6 3. Nc3 Bb4 4. f3 d5 5. a3 Bxc3+ 6. bxc3 c5 7. cxd5 Nxd5 8.
dxc5 f5 9. Nh3 Qa5 10. Nf4 Nc6 11. Nxd5 exd5 12. Kf2 Qxc5+ 13. e3 f4 14. Rb1 a6
15. g3 O-O 16. gxf4 Rxf4 17. Kg3 Rf6 18. Bg2 Qd6+ 19. f4 Rg6+ 20. Kf2 Rxg2+ 21.
Kxg2 Qg6+ 22. Kf2 Qxb1 23. Qxd5+ Kh8 24. Rg1 Qc2+ 25. Kf3 Bf5 26. Rg5 Qxc1 27.
Qxf5 Qxc3 28. Qd7 h6 29. Rg3 Rf8 30. Qxb7 Re8 31. Kf2 Rb8 32. Qxa6 Rb2+ 33. Kf3
Qf6 34. Qc8+ Kh7 35. Qc7 Rc2 36. Qb7 Ne5+ 37. Ke4 Nf7 38. Qd5 Nd6+ 39. Kf3 Nf5
40. Qe4 Rc3 41. Kf2 Rxa3 42. Qc2 g6 43. Rf3 Qe6 44. Qc7+ Ng7 45. Qb7 Rb3 46.
Qc7 Rb2+ 47. Kg3 Qa2 48. f5 gxf5 49. e4 fxe4 50. Rf7 Rb3+ 51. Kh4 Qa1 52. Qf4
Qe1+ 53. Kg4 h5+ 54. Kg5 Rb5+ 55. Kf6 Qc3+ 56. Ke7 Rb7+ 57. Kd6 Qd4+ 58. Kc6
Qb6+ 59. Kd5 Qe6+ 0-1

[Event "European Clubs Cup"]
[Site "chess24.com"]
[Date "2018.10.13"]
[Round "2.3"]
[White "Garcia, Jason"]
[Black "Nyysti, Sampsa"]
[Result "0-1"]
[WhiteElo "2027"]
[BlackElo "2299"]
[PlyCount "98"]
[EventDate "2018.??.??"]
[WhiteTeam "Wales"]
[BlackTeam "Finland"]
[WhiteTeamCountry "WLS"]
[BlackTeamCountry "FIN"]
[TimeControl "6000+775"]
[WhiteClock "0:15:34"]
[BlackClock "0:35:22"]

1. e4 e5 2. Nf3 Nc6 3. d4 exd4 4. Nxd4 Nf6 5. Nc3 Bb4 6. Nxc6 bxc6 7. Bd3 d5 8.
exd5 O-O 9. O-O Bg4 10. f3 Bh5 11. Bf4 cxd5 12. Ne2 c6 13. c3 Bc5+ 14. Kh1 a5
15. Qd2 Re8 16. Rae1 Bg6 17. Ng3 Qb6 18. Bxg6 hxg6 19. b3 Nd7 20. Rxe8+ Rxe8
21. Re1 Ra8 22. Nf1 Nf8 23. Be3 Ne6 24. Bxc5 Qxc5 25. Ne3 Qb6 26. Ng4 a4 27. b4
a3 28. Ne5 Re8 29. Nd3 Rd8 30. g3 Qb5 31. Ne5 c5 32. Qc1 cxb4 33. cxb4 d4 34.
Qc4 Qb7 35. Nxf7 Qxf3+ 36. Kg1 Qxf7 37. Qxe6 Qxe6 38. Rxe6 Kf7 39. Re2 Rb8 40.
Rd2 Rxb4 41. Rd3 Ke6 42. Rxa3 Rb2 43. Rd3 Kd5 44. a4 Ra2 45. Rd1 Kc4 46. h4 d3
47. Kf1 Kd4 48. a5 Rxa5 49. Kf2 Rf5+ 0-1

[Event "European Clubs Cup"]
[Site "chess24.com"]
[Date "2018.10.13"]
[Round "2.4"]
[White "Mansner, Harry"]
[Black "May, Adam J"]
[Result "1/2-1/2"]
[WhiteElo "2278"]
[BlackElo "1924"]
[PlyCount "104"]
[EventDate "2018.??.??"]
[WhiteTeam "Finland"]
[BlackTeam "Wales"]
[WhiteTeamCountry "FIN"]
[BlackTeamCountry "WLS"]
[TimeControl "6000+1865"]
[WhiteClock "0:21:01"]
[BlackClock "0:29:41"]

1. d4 d5 2. c4 e6 3. Nf3 Nf6 4. Nc3 Be7 5. Bf4 O-O 6. e3 b6 7. cxd5 Nxd5 8.
Nxd5 Qxd5 9. a3 Ba6 10. Bxa6 Nxa6 11. Qa4 Qa5+ 12. Qxa5 bxa5 13. Ne5 c5 14. Nc6
Bf6 15. Be5 cxd4 16. Bxf6 gxf6 17. exd4 a4 18. Rc1 Nb8 19. Ne7+ Kg7 20. d5 Rd8
21. O-O Rd7 22. d6 Rd8 23. Rc7 Na6 24. Rc6 Nb8 25. Rc7 Na6 26. Rc6 Nb8 27. Rc4
Na6 28. Rd1 Rd7 29. Rc6 Re8 30. Rxa6 Rexe7 31. Rd4 Re8 32. Rdxa4 Red8 33. Rxa7
Rxd6 34. Rg4+ Kf8 35. g3 Rd2 36. Rb4 Kg7 37. Rbb7 Rf8 38. b4 h5 39. b5 h4 40.
gxh4 f5 41. Rd7 Rb2 42. a4 f4 43. Rab7 f3 44. Rd1 Kf6 45. Rf1 Rg8+ 46. Kh1 Rg2
47. h3 Rb4 48. Rg1 Rxf2 49. Rg4 Rb1+ 50. Rg1 Rbb2 51. Rg3 Rb1+ 52. Rg1 Rbb2
1/2-1/2

[Event "European Clubs Cup"]
[Site "chess24.com"]
[Date "2018.10.13"]
[Round "2.5"]
[White "Bevan, Peter M"]
[Black "Kosmo, Santul"]
[Result "0-1"]
[WhiteElo "1886"]
[BlackElo "2186"]
[PlyCount "87"]
[EventDate "2018.??.??"]
[WhiteTeam "Wales"]
[BlackTeam "Finland"]
[WhiteTeamCountry "WLS"]
[BlackTeamCountry "FIN"]
[TimeControl "6000+1390"]
[WhiteClock "1:11:59"]
[BlackClock "0:04:57"]

1. Nf3 Nf6 2. g3 g6 3. Bg2 Bg7 4. c4 O-O 5. O-O d6 6. d4 Nbd7 7. Nc3 e5 8. e4
exd4 9. Nxd4 Re8 10. h3 a6 11. Be3 Rb8 12. a4 Ne5 13. b3 c5 14. Nde2 Qc7 15. f4
Nc6 16. Qd2 b6 17. g4 Bb7 18. g5 Nh5 19. Nd5 Qd8 20. Rad1 Ba8 21. Ndc3 Na5 22.
Rb1 Qc7 23. Rfd1 Red8 24. Nd5 Bxd5 25. exd5 b5 26. axb5 axb5 27. Qd3 Re8 28.
Bd2 bxc4 29. bxc4 Nb3 30. Rxb3 Rxb3 31. Qxb3 Rxe2 32. Qd3 Bd4+ 33. Kh1 Qe7 34.
Bf1 Re4 35. Qf3 Qe8 36. Bd3 Re7 37. f5 Be3 38. f6 Re5 39. h4 Bxd2 40. Rxd2 Re3
41. Qf2 Re1+ 42. Kg2 Qe5 43. Be2 Qe4+ 44. Bf3 0-1

[Event "European Clubs Cup"]
[Site "chess24.com"]
[Date "2018.10.13"]
[Round "2.6"]
[White "Papula, Niko"]
[Black "Buttell, David"]
[Result "1-0"]
[WhiteElo "1914"]
[BlackElo "1758"]
[PlyCount "69"]
[EventDate "2018.??.??"]
[WhiteTeam "Finland"]
[BlackTeam "Wales"]
[WhiteTeamCountry "FIN"]
[BlackTeamCountry "WLS"]
[TimeControl "6000+1020"]
[WhiteClock "0:08:38"]
[BlackClock "0:00:40"]

1. c4 c5 2. g3 g6 3. Bg2 Bg7 4. Nc3 Nc6 5. e3 e5 6. Nge2 Nge7 7. O-O O-O 8. Nd5
d6 9. Nec3 f5 10. d3 Rb8 11. Rb1 a5 12. a3 b6 13. Bd2 Kh8 14. b4 axb4 15. axb4
Be6 16. Qb3 Bg8 17. Ra1 Nxd5 18. Nxd5 Ne7 19. Ra7 Nc8 20. Ra6 Ne7 21. Nxe7 Qxe7
22. Rfa1 b5 23. Bd5 Bxd5 24. cxd5 c4 25. dxc4 bxc4 26. Qxc4 Rfc8 27. Qb3 e4 28.
Rc1 Qe5 29. Rxc8+ Rxc8 30. Rc6 Rd8 31. Bc3 Qe7 32. b5 Be5 33. b6 Rd7 34. Qc4
Kg7 35. Rc7 1-0

[Event "European Clubs Cup"]
[Site "chess24.com"]
[Date "2018.10.14"]
[Round "3.1"]
[White "Papadopoulos, Argirios"]
[Black "Pleasants, Allan J"]
[Result "1/2-1/2"]
[WhiteElo "2213"]
[BlackElo "2090"]
[PlyCount "91"]
[EventDate "2018.??.??"]
[WhiteTeam "Greece"]
[BlackTeam "Wales"]
[WhiteTeamCountry "GRE"]
[BlackTeamCountry "WLS"]
[TimeControl "6000+1210"]
[WhiteClock "0:00:35"]
[BlackClock "0:03:39"]

1. e4 g6 2. d4 Bg7 3. Nc3 d6 4. Bg5 c6 5. a4 Qc7 6. h3 Nd7 7. a5 Ngf6 8. Nf3
O-O 9. Be2 e5 10. dxe5 dxe5 11. Bc4 Nc5 12. Qe2 Ne6 13. O-O Nh5 14. Rfd1 Nhf4
15. Bxf4 Nxf4 16. Qe3 Qe7 17. Na4 Be6 18. Bxe6 Nxe6 19. Qa3 Rfe8 20. Qxe7 Rxe7
21. Ra3 Kf8 22. Rc3 Nd4 23. Nxd4 exd4 24. Rb3 Rxe4 25. Nc5 Re2 26. Rxb7 Rxc2
27. Nd3 c5 28. b3 c4 29. bxc4 Rxc4 30. Kf1 Ra4 31. Rc1 Rxa5 32. Rcc7 Rf5 33. g4
Rf6 34. Ne5 Kg8 35. Nxf7 Rf8 36. Ng5 Rxf2+ 37. Ke1 Be5 38. Re7 Bf6 39. Rxh7 Ra2
40. Rh6 Re8+ 41. Kf1 Bxg5 42. Rxg6+ Kh8 43. Rxg5 d3 44. Rd5 d2 45. Rb1 Rf8+ 46.
Rf5 1/2-1/2

[Event "European Clubs Cup"]
[Site "chess24.com"]
[Date "2018.10.14"]
[Round "3.2"]
[White "Hewitt, William"]
[Black "Liodakis, Konstantinos-Spyros"]
[Result "0-1"]
[WhiteElo "2015"]
[BlackElo "2182"]
[PlyCount "86"]
[EventDate "2018.??.??"]
[WhiteTeam "Wales"]
[BlackTeam "Greece"]
[WhiteTeamCountry "WLS"]
[BlackTeamCountry "GRE"]
[TimeControl "6000+1080"]
[WhiteClock "0:44:47"]
[BlackClock "1:06:05"]

1. e4 e6 2. d3 d5 3. Nd2 Nf6 4. Ngf3 c5 5. g3 Be7 6. Bg2 Nc6 7. O-O b6 8. Re1
Bb7 9. c3 h6 10. a3 Qc7 11. b4 Rd8 12. exd5 Nxd5 13. Bb2 cxb4 14. axb4 O-O 15.
d4 b5 16. Qe2 a6 17. Nb3 Nb6 18. Nc5 Bxc5 19. dxc5 Nc4 20. Bc1 a5 21. bxa5
N6xa5 22. Be3 Nxe3 23. Qxe3 Nc4 24. Qe2 Qxc5 25. Red1 Nb6 26. Rab1 Rxd1+ 27.
Qxd1 Na4 28. Qd4 Qxc3 29. Qxc3 Nxc3 30. Rb3 Ne2+ 31. Kf1 Bxf3 32. Rxf3 Nd4 33.
Rd3 Rd8 34. f4 b4 35. Rd2 Kf8 36. Ke1 Ke7 37. h3 f6 38. Rb2 b3 39. Kd2 Nf5+ 40.
Kc3 Rc8+ 41. Kd3 Rc2 42. Rxc2 bxc2 43. Kxc2 Ne3+ 0-1

[Event "European Clubs Cup"]
[Site "chess24.com"]
[Date "2018.10.14"]
[Round "3.3"]
[White "Tsarouhas, Konstantinos"]
[Black "Heaven, Pete"]
[Result "1/2-1/2"]
[WhiteElo "2154"]
[BlackElo "2041"]
[PlyCount "78"]
[EventDate "2018.??.??"]
[WhiteTeam "Greece"]
[BlackTeam "Wales"]
[WhiteTeamCountry "GRE"]
[BlackTeamCountry "WLS"]
[TimeControl "6000+1690"]
[WhiteClock "0:10:30"]
[BlackClock "0:06:26"]

1. c4 e5 2. Nc3 Nf6 3. e3 Be7 4. Nf3 d6 5. d4 exd4 6. Nxd4 O-O 7. Be2 d5 8.
cxd5 Nxd5 9. Nxd5 Qxd5 10. O-O c5 11. Nb5 Qc6 12. a4 Be6 13. Qc2 Na6 14. Bd2
Nc7 15. Bf3 Qb6 16. Nxc7 Qxc7 17. Bc3 Rac8 18. Rfd1 Rfd8 19. Qe4 b6 20. Be5 Bd6
21. Rxd6 Rxd6 22. Qf4 Rcd8 23. Qg3 f5 24. h4 Qd7 25. Bxd6 Qxd6 26. Rd1 Qe7 27.
Rxd8+ Qxd8 28. Qe5 Kf7 29. h5 h6 30. e4 Qf6 31. Qc7+ Qe7 32. Qf4 Qg5 33. Qc7+
Qe7 34. Qb8 Qd7 35. exf5 Bxf5 36. Qe5 Be6 37. Be4 Qd4 38. Bg6+ Ke7 39. Qc7+ Qd7
1/2-1/2

[Event "European Clubs Cup"]
[Site "chess24.com"]
[Date "2018.10.14"]
[Round "3.4"]
[White "Garcia, Jason"]
[Black "Georgakopoulos, Nikolaos K"]
[Result "0-1"]
[WhiteElo "2027"]
[BlackElo "2085"]
[PlyCount "46"]
[EventDate "2018.??.??"]
[WhiteTeam "Wales"]
[BlackTeam "Greece"]
[WhiteTeamCountry "WLS"]
[BlackTeamCountry "GRE"]
[TimeControl "6000+1515"]
[WhiteClock "0:19:44"]
[BlackClock "0:45:48"]

1. e4 e6 2. d4 d5 3. Nc3 Nf6 4. Bg5 Bb4 5. e5 h6 6. Be3 Ne4 7. Qg4 g6 8. a3
Bxc3+ 9. bxc3 c5 10. Bd3 h5 11. Qf4 g5 12. Qf3 Nxc3 13. dxc5 Nc6 14. Qg3 Qa5
15. Bd2 Qxc5 16. Qxg5 Bd7 17. Nf3 Ne4 18. Bxe4 dxe4 19. Qf6 Rf8 20. Ng5 Qc4 21.
c3 Nd4 22. cxd4 Bb5 23. Kd1 Qe2+ 0-1

[Event "European Clubs Cup"]
[Site "chess24.com"]
[Date "2018.10.14"]
[Round "3.5"]
[White "Vozinaki, Anthi - Maria"]
[Black "May, Adam J"]
[Result "1-0"]
[WhiteElo "2022"]
[BlackElo "1924"]
[PlyCount "99"]
[EventDate "2018.??.??"]
[WhiteTeam "Greece"]
[BlackTeam "Wales"]
[WhiteTeamCountry "GRE"]
[BlackTeamCountry "WLS"]
[TimeControl "6000+1645"]
[WhiteClock "0:05:26"]
[BlackClock "0:03:10"]

1. e4 c6 2. d4 d5 3. Nc3 dxe4 4. Nxe4 Bf5 5. Ng3 Bg6 6. Nh3 e6 7. Nf4 Bd6 8.
Ngh5 Nf6 9. c3 O-O 10. Nxf6+ Qxf6 11. Nxg6 hxg6 12. Be3 Nd7 13. Be2 b5 14. Qd2
Nb6 15. O-O e5 16. Rad1 Nd5 17. Bg5 Qf5 18. dxe5 Bxe5 19. Bd3 Qc8 20. Rfe1 Bc7
21. Be4 Nf6 22. Bxf6 gxf6 23. Qd7 a6 24. Qxc6 Ra7 25. Qxf6 Qb8 26. g3 Be5 27.
Qg5 Bg7 28. Bd5 Qb6 29. Re4 Qf6 30. Qe3 Rd7 31. Re8 Qf5 32. Rxf8+ Bxf8 33. Bb3
Rxd1+ 34. Bxd1 Bc5 35. Qd2 Qe6 36. Bb3 Qe7 37. Kg2 Qf6 38. f3 Kg7 39. Qd5 Qe7
40. Qd2 Qe5 41. Bd5 Be3 42. Qd3 Bc1 43. b3 Bb2 44. c4 b4 45. c5 Bc1 46. c6 Qb2+
47. Kh3 Qe5 48. Qc4 Qe3 49. c7 Qh6+ 50. Qh4 1-0

[Event "European Clubs Cup"]
[Site "chess24.com"]
[Date "2018.10.14"]
[Round "3.6"]
[White "Bevan, Peter M"]
[Black "Karavitaki, Evaggelia"]
[Result "1/2-1/2"]
[WhiteElo "1886"]
[BlackElo "1828"]
[PlyCount "102"]
[EventDate "2018.??.??"]
[WhiteTeam "Wales"]
[BlackTeam "Greece"]
[WhiteTeamCountry "WLS"]
[BlackTeamCountry "GRE"]
[TimeControl "6000+1305"]
[WhiteClock "1:27:14"]
[BlackClock "0:06:55"]

1. Nf3 c5 2. c4 e6 3. g3 b6 4. Bg2 Bb7 5. O-O Nf6 6. b3 Be7 7. Bb2 O-O 8. Nc3
d5 9. cxd5 Nxd5 10. d3 Nxc3 11. Bxc3 Bf6 12. Qd2 Nd7 13. Rfd1 Bxc3 14. Qxc3 Nf6
15. e4 Qe7 16. Qe5 Rfd8 17. Ne1 Ba6 18. d4 cxd4 19. Rxd4 Rxd4 20. Qxd4 Rd8 21.
Qa4 Bc8 22. Nc2 Rd2 23. Ne3 Qd7 24. Qa3 b5 25. Rc1 a6 26. Qa5 Rd4 27. Qc7 Qxc7
28. Rxc7 Rd8 29. e5 Nd7 30. f4 h6 31. a4 bxa4 32. bxa4 Nb6 33. a5 Nd5 34. Nxd5
exd5 35. Bxd5 Rxd5 36. Rxc8+ Kh7 37. Rc7 Kg8 38. Ra7 Rxa5 39. Kg2 Ra3 40. Kh3
Kf8 41. Kg4 a5 42. h4 a4 43. f5 Ke8 44. f6 g6 45. h5 gxh5+ 46. Kxh5 Rxg3 47.
Kxh6 a3 48. Kh5 Re3 49. Ra5 a2 50. Kg4 a1=Q 51. Rxa1 Rxe5 1/2-1/2

[Event "European Club Cup"]
[Site "chess24.com"]
[Date "2018.10.15"]
[Round "4.1"]
[White "Pleasants, Allan J"]
[Black "Vogel, Constantin"]
[Result "1/2-1/2"]
[WhiteElo "2090"]
[BlackElo "2060"]
[PlyCount "103"]
[EventDate "2018.??.??"]
[WhiteTeam "Wales"]
[BlackTeam "Germany"]
[WhiteTeamCountry "WLS"]
[BlackTeamCountry "GER"]
[TimeControl "6000+920"]
[WhiteClock "0:08:54"]
[BlackClock "0:29:16"]

1. e4 Nf6 2. e5 Nd5 3. c4 Nb6 4. d4 d6 5. exd6 cxd6 6. Nc3 g6 7. Be3 Bg7 8. Rc1
O-O 9. Be2 Nc6 10. d5 Ne5 11. b3 f5 12. f4 Ng4 13. Bxg4 fxg4 14. Nge2 e5 15.
dxe6 Bxe6 16. O-O d5 17. c5 Nc8 18. Bd4 Ne7 19. Bxg7 Kxg7 20. Nd4 Bf5 21. Ncb5
Rf6 22. Nd6 b6 23. b4 a5 24. a3 axb4 25. axb4 bxc5 26. bxc5 Rxd6 27. cxd6 Qxd6
28. Ra1 Rb8 29. Qd2 Be4 30. Rfc1 Qb6 31. Qf2 Kg8 32. Ra2 h5 33. Rd2 Kf7 34. Ne2
Nf5 35. Qxb6 Rxb6 36. Kf2 h4 37. Rcd1 Rb3 38. Nd4 Nxd4 39. Rxd4 g3+ 40. hxg3
Rxg3 41. Rxe4 dxe4 42. Re1 Kf6 43. Rxe4 Kf5 44. Ra4 Rb3 45. Rc4 h3 46. gxh3
Rxh3 47. Ra4 Rb3 48. Ra5+ Kxf4 49. Ra4+ Kg5 50. Kg2 Kh5 51. Ra5+ g5 52. Ra4
1/2-1/2

[Event "European Club Cup"]
[Site "chess24.com"]
[Date "2018.10.15"]
[Round "4.2"]
[White "McHugh, Kevin"]
[Black "Hewitt, William"]
[Result "1/2-1/2"]
[WhiteElo "2084"]
[BlackElo "2015"]
[PlyCount "67"]
[EventDate "2018.??.??"]
[WhiteTeam "Ireland"]
[BlackTeam "Wales"]
[WhiteTeamCountry "IRL"]
[BlackTeamCountry "WLS"]
[TimeControl "6000+1070"]
[WhiteClock "0:50:34"]
[BlackClock "0:15:10"]

1. e4 c6 2. d4 d5 3. Nc3 dxe4 4. Nxe4 Nd7 5. Nf3 Ngf6 6. Ng3 e6 7. Bd3 Be7 8.
O-O O-O 9. Qe2 b6 10. Bd2 Bb7 11. Rad1 Re8 12. c3 Qc7 13. Ne4 c5 14. dxc5 Nxc5
15. Nxc5 Qxc5 16. Be3 Qc7 17. Bd4 Rad8 18. Rfe1 Bd5 19. Bb5 Bc6 20. Bxc6 Qxc6
21. Ne5 Qc7 22. Qb5 Rc8 23. a4 Bc5 24. Bxc5 bxc5 25. Nd7 Nd5 26. Rxd5 exd5 27.
Nf6+ gxf6 28. Rxe8+ Rxe8 29. Qxe8+ Kg7 30. Qe3 Qd7 31. b3 Qf5 32. Qg3+ Kf8 33.
Qb8+ Kg7 34. Qg3+ 1/2-1/2

[Event "European Club Cup"]
[Site "chess24.com"]
[Date "2018.10.15"]
[Round "4.3"]
[White "Heaven, Pete"]
[Black "Lyons, Brendan"]
[Result "1-0"]
[WhiteElo "2041"]
[BlackElo "1961"]
[PlyCount "80"]
[EventDate "2018.??.??"]
[WhiteTeam "Wales"]
[BlackTeam "Ireland"]
[WhiteTeamCountry "WLS"]
[BlackTeamCountry "IRL"]
[TimeControl "6000+1460"]
[WhiteClock "0:55:25"]
[BlackClock "0:31:10"]

1. e4 d5 2. exd5 Nf6 3. d4 Bg4 4. Bb5+ Nbd7 5. Be2 Bxe2 6. Qxe2 Nxd5 7. c4 N5f6
8. Nf3 g6 9. O-O c6 10. Nc3 Nb6 11. Bg5 Bg7 12. Rfe1 Nc8 13. Rad1 O-O 14. Ne5
Nd7 15. Nxd7 Qxd7 16. d5 f6 17. Bf4 cxd5 18. Nxd5 Kh8 19. Nxe7 Qe8 20. Nd5 Qxe2
21. Rxe2 g5 22. Nc7 gxf4 23. Nxa8 f5 24. Nc7 Bf6 25. Ne6 Rg8 26. Nxf4 Bg5 27.
Nd5 Rd8 28. Nc3 Rf8 29. c5 f4 30. Rd7 b5 31. Nxb5 Bf6 32. h3 Rg8 33. Kf1 a6 34.
Nd6 Nxd6 35. Rxd6 Bd8 36. Rxa6 f3 37. gxf3 Bc7 38. Rae6 Bh2 39. Re8 Kg7 40.
Rxg8+ Kxg8 1-0

[Event "European Club Cup"]
[Site "chess24.com"]
[Date "2018.10.15"]
[Round "4.4"]
[White "Healy, John"]
[Black "Garcia, Jason"]
[Result "0-1"]
[WhiteElo "1919"]
[BlackElo "2027"]
[PlyCount "96"]
[EventDate "2018.??.??"]
[WhiteTeam "Ireland"]
[BlackTeam "Wales"]
[WhiteTeamCountry "IRL"]
[BlackTeamCountry "WLS"]
[TimeControl "6000+1550"]
[WhiteClock "1:54:16"]
[BlackClock "0:50:44"]

1. e4 c5 2. Nc3 g6 3. f4 Bg7 4. Nf3 Nc6 5. Bb5 Nd4 6. Bc4 e6 7. O-O Ne7 8. d3
O-O 9. e5 d5 10. exd6 Nef5 11. Ne4 Nxd6 12. Nxd6 Qxd6 13. a4 b6 14. c3 Nc6 15.
Ng5 Bb7 16. Qe1 Na5 17. Ba2 Qxd3 18. Qh4 h6 19. Nxf7 Rxf7 20. Bxe6 Qe2 21.
Bxf7+ Kxf7 22. Qh3 Re8 23. f5 g5 24. Rf2 Qd1+ 25. Rf1 Re1 26. g3 Ba6 27. Be3
Rxf1+ 28. Qxf1 Qxf1+ 29. Rxf1 Bxf1 30. Kxf1 Nc4 31. Bc1 g4 32. Ke2 Kf6 33. b4
Kxf5 34. bxc5 bxc5 35. Bf4 Ke4 36. Bb8 a6 37. Ba7 Bxc3 38. Bxc5 Nb2 39. Bf8 h5
40. Be7 Nxa4 41. Kd1 Kd3 42. Kc1 Nb6 43. Kb1 Nd5 44. Bd6 Ne3 45. Be7 Nf1 46.
Kc1 Nxh2 47. Bd6 Ke2 48. Kc2 Be1 0-1